AoeStats
← konrad374

Arena

508953615Analyzed
1v1 RM · 7d ago on Sep 24, 2026· 40m 50s· 2 players
Game mode
Random Map
Map size
Tiny (2 player)
Population
200
Speed
Normal
Resources
Standard
Victory
Conquest
Starting age
Dark Age
Ending age
Imperial Age
RankedLock teamsTeams togetherTeam positionsShared explorationLock speedFull tech treeHidden civsTurbo modeCheats
Victory
Defeat
🇵🇱 Chinese · Poland
466
+18
🇫🇷 Teutons · France
513
-22
konrad374
0:28 Loom
12:54 Feudal Age
13:30 Double-Bit Axe
14:26 Wheelbarrow
18:59 Castle Age
20:08 Bow Saw
19:41 Horse Collar
20:08 Stone Mining
24:13 Heavy Plow
24:52 Pikeman
25:34 Squires
25:56 Padded Archer Armor
26:36 Gold Mining
28:12 Stone Shaft Mining
27:24 Crossbowman
29:16 Hand Cart
30:58 Gold Shaft Mining
31:00 Town Watch
32:07 Thumb Ring
32:19 Town Patrol
32:21 Murder Holes
32:47 Ballistics
33:39 Leather Archer Armor
33:14 Fletching
37:28 Imperial Age
35:18 Bodkin Arrow
38:08 Arbalester
38:50 Bracer
39:21 Ring Archer Armor
40:50 Two-Man Saw
Asylus
10:20 Feudal Age
11:56 Double-Bit Axe
19:30 Castle Age
18:12 Horse Collar
18:34 Town Watch
19:28 Wheelbarrow
18:47 Loom
21:21 Fervor
21:39 Squires
23:53 Forging
23:44 Scale Mail Armor
26:18 Hand Cart
32:08 Ironclad
42:11 Imperial Age
40:18 Elite Skirmisher
40:51 Fletching
41:02 Padded Archer Armor
41:40 Iron Casting
Connection lost

Rejoining the realm…

Still unreachable

The connection could not be restored.

Session expired

The server has moved on; the page needs a fresh start.